 Dungeon Crawl Stone Soup version 0.27.0-1-g7a089689b8 (webtiles) character file.

Game seed: 10488111639536052184

11 trckry the Sneak (level 2, -1/24 HPs)
             Began as a Human Delver on Aug 8, 2021.
             Succumbed to an adder's poison
             ... on level 3 of the Dungeon.
             The game lasted 00:02:52 (515 turns).

trckry the Sneak (Human Delver)                      Turns: 515, Time: 00:02:53

Health: -1/24      AC:  4    Str: 12    XL:     2   Next: 40%
Magic:  2/2        EV: 12    Int: 10    God:
Gold:   37         SH:  0    Dex: 14    Spells: 1/1 levels left

rFire    . . .     SeeInvis .   h - +0 falchion
rCold    . . .     Faith    .   (no shield)
rNeg     . . .     Spirit   .   b - +0 leather armour
rPois    .         Reflect  .   l - +0 helmet
rElec    .         Harm     .   (no cloak)
rCorr    .         Rampage  .   (no gloves)
Will     .....                  (no boots)
Stlth    +++.......             (no amulet)
HPRegen  0.08/turn              (no ring)
MPRegen  0.08/turn              (no ring)

@: lethally poisoned (-1 -> -8)
A: no striking features
a: no special abilities


You were on level 3 of the Dungeon.
You visited 1 branch of the dungeon, and saw 3 of its levels.

You collected 37 gold pieces.

Inventory:

Hand Weapons
 a - a +0 mace
 h - a +0 falchion (weapon)
Armour
 b - a +0 leather armour (worn)
 l - a +0 helmet (worn)
Wands
 g - a wand of digging (3)
Scrolls
 c - a scroll of fog
 d - a scroll of magic mapping
 e - a scroll of fear
 i - a scroll of teleportation {unknown}
 n - a scroll of identify {unknown}
Potions
 f - a potion of haste
 j - a potion of heal wounds {unknown}
 k - 2 potions of resistance {unknown}
 m - a potion of magic {unknown}


   Skills:
 - Level 3.0 Fighting
 * Level 2.9 Maces & Flails
 - Level 2.0 Dodging
 - Level 5.0 Stealth


You had one spell level left.
You didn't know any spells.
Your spell library contained the following spells:

 Spells                   Type           Power      Damage    Failure   Level
 Alistair's Intoxication  Tmut/Pois      0%         N/A       100%        5
 Borgnjor's Vile Clutch   Necr/Erth      0%         N/A       100%        5
 Eringya's Noxious Bog    Tmut/Pois      0%         N/A       100%        6


Dungeon Overview and Level Annotations

Branches:
Dungeon (5/15)
 Temple: D:4-7

Altars:

Portals:
Sewer: D:3


Message History

The adder poisons you! The adder bites you but does no damage.
You take 2 damage, and have 20/24 hp.
You hit the adder.
The adder is lightly wounded.
You feel very sick. The adder barely misses you.
You riposte.
You barely miss the adder.
The adder is lightly wounded.
You take 3 damage, and have 17/24 hp.
You hit the adder but do no damage.
The adder is lightly wounded.
You feel sick. The adder bites you. x2
You take 6 damage, and have 11/24 hp.
MASSIVE DAMAGE!!
You hit the adder.
The adder is moderately wounded.
You feel sick. The adder bites you.
* * * LOW HITPOINT WARNING * * *
The adder bites you but does no damage.
You take 4 damage, and have 7/24 hp.
You closely miss the adder.
The adder is moderately wounded.
You feel sick. The adder bites you but does no damage.
You take 2 damage, and have 5/24 hp.
You closely miss the adder.
The adder is moderately wounded.
You feel sick.
You are no longer poisoned.
The adder bites you.
* * * LOW HITPOINT WARNING * * *
The adder barely misses you.
You take 2 damage, and have 3/24 hp.
You hit the adder but do no damage.
The adder is moderately wounded.
The adder bites you but does no damage. The adder bites you.
* * * LOW HITPOINT WARNING * * *
You are lethally poisoned!
The adder poisons you!
You take 1 damage, and have 2/24 hp.
You closely miss the adder.
The adder is moderately wounded.
You die...

......##...###### #.# #..#
####..##...(....# #.# ##.#
#..###.#####.###.#####.# #..# #.#
#........##.####### #..#
#.#####.....##...........
####..###.#.........#####.#######
............####†...# #.#
...#......## #.##########
......##...### #@S≈≈≈≈≈≈∩
.###.).........#.########## .#
#..†#...###.#.#.######.# .###...#
............>..[.# .......#
#####.#.#.######## .#####.#
#.#.#.# .# .# #..)..# .### .#
###...<.# ... .. ........#


You could see an adder.

Vanquished Creatures
  3 bats (D:3)
  An endoplasm (D:3)
  2 hobgoblins (D:3)
  A quokka (D:4)
  A ball python (D:3)
  A frilled lizard (D:3)
  A kobold (D:3)
10 creatures vanquished.

Notes
Turn   | Place    | Note
-------+----------+-------------------------------------------
     0 | D:5      | trckry the Human Delver began the quest for the Orb.
     0 | D:5      | Reached XP level 1. HP: 18/18 MP: 1/1
    62 | D:5      | Noticed a centaur
   349 | D:3      | Reached XP level 2. HP: 17/24 MP: 2/2
   504 | D:3      | Found a glowing drain.
   513 | D:3      | HP: 3/24 [adder (1)]
   515 | D:3      | Succumbed to an adder's poison

Illustrated notes

Levels and vault maps discovered:
D:3:      layout_loops_ring, portal_sewer_entry_d
D:4:      layout_basic, uniq_eustachio, uniq_pikel
D:5:      minmay_evil_eye, layout_loops_ring, sigmund_edmund_badplayer

Action                   || total
-------------------------++-------
Melee: Falchion          ||    52
 Stab: Sleeping          ||     3
Armor: Leather armour    ||    23
Dodge: Dodged            ||    46
       Rpst.: Falchion   ||    14
